Coyotes vs Avalanche
Created - April 19, 2018 at 19:06
Goals
|
Coyotes |
0 |
1 |
0 |
1 |
Avalanche |
1 |
3 |
0 |
4 |
|
Shots
|
Coyotes |
11 |
5 |
17 |
33 |
Avalanche |
13 |
9 |
13 |
35 |
|
1st period
1. Avalanche , Mikkel Boedker 45 (Bryan Little 60, Marc Staal 25) at 19:58
Penalties :
Anton Stralman (Ari) for High sticking (Minor) at 3:48
2nd period
2. Avalanche , Bryan Little 33 (Dan Boyle 17, Andrew Ladd 21) at 3:18
3. Avalanche , Mikkel Boedker 46 (Bryan Little 61) at 3:38 (PP)
4. Coyotes , Chris Stewart 19 (Marian Gaborik 59, Zach Parise 46) at 4:40
5. Avalanche , Brandon Yip 11 (Johnny Boychuk 19, Andrei Kostitsyn 35) at 19:57
Penalties :
Brad Richards (Ari) for Interference (Minor) at 3:37, Dan Boyle (Col) for Hooking (Minor) at 9:34
3rd period
No Goal
Penalties :
No Penalty
Goalie Stats
Cam Ward (Ari), 31 saves from 35 shots - (0.886), L, 10-12-5, 60:00 minutes
Semyon Varlamov (Col), 32 saves from 33 shots - (0.970), W, 43-21-5, 60:00 minutes
Players Stats for Coyotes
Player Name G A P +/- PIM S H SB GA TA FO MP PP MP PK MP
------------------------------------------------------------------------------------
Anton Stralman 0 0 0 1 2 0 2 0 0 1 0/0 22:54 1:15 0:00
Brad Richards 0 0 0 -1 2 3 2 3 0 0 11/24 20:41 1:01 1:10
Brooks Laich 0 0 0 0 0 0 0 0 0 0 1/2 9:10 0:00 0:00
Chris Stewart 1 0 1 1 0 6 0 1 0 0 0/0 12:01 0:02 0:00
Enver Lisin 0 0 0 0 0 0 2 1 0 0 0/0 9:30 0:02 0:00
Greg Zanon 0 0 0 -3 0 1 1 0 1 1 0/0 14:47 0:00 0:51
Jarome Iginla 0 0 0 -1 0 3 2 0 0 2 0/3 19:32 1:01 0:01
Josh Gorges 0 0 0 0 0 1 3 1 0 1 0/0 20:04 0:44 0:51
Kristopher Letang 0 0 0 1 0 1 1 1 0 2 0/0 26:00 1:15 1:09
Marian Gaborik 0 1 1 -2 0 3 5 1 1 0 1/2 17:17 0:56 0:00
Mark Bell 0 0 0 0 0 1 2 0 0 0 0/0 9:10 0:00 0:00
Martin Samuelsson 0 0 0 1 0 2 0 0 1 0 0/1 12:30 0:00 0:49
Matt Niskanen 0 0 0 -3 0 0 1 1 0 0 0/0 14:42 0:00 1:09
Maxim Talbot 0 0 0 1 0 4 3 0 0 1 2/3 12:50 0:02 0:49
Michael Del Zotto 0 0 0 0 0 1 0 2 1 0 0/0 21:33 0:44 0:00
Nazem Kadri 0 0 0 -2 0 1 0 0 0 1 4/9 17:17 0:56 0:00
Tyler Ennis 0 0 0 -1 0 3 4 1 0 1 1/2 19:31 1:01 0:00
Zach Parise 0 1 1 -2 0 3 2 1 0 1 0/1 18:29 0:56 1:11
Players Stats for Avalanche
Player Name G A P +/- PIM S H SB GA TA FO MP PP MP PK MP
------------------------------------------------------------------------------------
Alexander Radulov 0 0 0 0 0 0 0 0 0 0 0/0 15:32 0:55 0:33
Andrei Kostitsyn 0 1 1 1 0 6 0 1 3 0 0/1 18:14 0:55 0:21
Andrew Ladd 0 1 1 0 0 0 2 0 0 0 1/1 14:41 0:00 1:00
Brandon Yip 1 0 1 1 0 3 1 0 0 0 1/2 16:35 0:00 0:00
Bryan Little 1 2 3 1 0 4 1 0 2 0 8/12 17:30 1:05 0:00
Chris Drury 0 0 0 0 0 0 1 1 0 0 7/11 14:13 0:00 0:32
Chuck Kobasew 0 0 0 0 0 3 1 0 0 0 0/1 9:57 0:00 1:00
Corey Perry 0 0 0 1 0 2 0 0 2 1 0/0 17:30 1:05 0:00
Dan Boyle 0 1 1 2 2 2 2 0 0 0 0/0 19:23 1:04 0:00
Jack Johnson 0 0 0 0 0 0 0 1 1 0 0/0 20:47 0:56 0:48
Jay Bouwmeester 0 0 0 0 0 1 2 0 0 0 0/0 20:13 1:04 0:00
Johnny Boychuk 0 1 1 2 0 2 0 3 0 0 0/0 18:58 0:00 0:48
Kyle Turris 0 0 0 0 0 1 0 0 0 0 0/1 8:57 0:00 0:00
Marc Staal 0 1 1 0 0 2 0 0 0 1 0/0 19:53 0:00 1:11
Mikkel Boedker 2 0 2 1 0 8 3 0 3 0 0/0 17:30 1:05 0:00
Paul Stastny 0 0 0 1 0 1 1 1 0 0 10/18 17:34 0:55 0:00
Pernell Karl Subban 0 0 0 0 0 0 3 2 0 2 0/0 21:04 0:56 1:11
Ryan Smyth 0 0 0 0 0 0 2 1 0 0 0/0 9:29 0:00 0:32
3 Stars
1 - Mikkel Boedker (Col)
2 - Bryan Little (Col)
3 - Semyon Varlamov (Col)
Power Play
Coyotes - 0 on 1 Attempt(s) - 0.00%
Avalanche - 1 on 2 Attempt(s) - 50.00%
Penalty Kill
Coyotes - 1 on 2 Attempt(s) - 50.00%
- Score 0 goal in Penalty Kill
Avalanche - 1 on 1 Attempt(s) - 100.00%
- Score 0 goal in Penalty Kill
Team Stat
Coyotes - Hits : 30 - Faceoff Wins : 20 - Blocked Shots : 13 - Penalty Minutes : 4
Avalanche - Hits : 19 - Faceoff Wins : 27 - Blocked Shots : 10 - Penalty Minutes : 2
Official
Referees : Morton Dean and Hebert Ghislain
Linesman : Jay Sharrers and Thor Nelson
Game Notes
No Game Note
Finance
Level 1 -- Attendance: 5763 (96.05%) -- Ticket Income $512,907
Level 2 -- Attendance: 4835 (96.70%) -- Ticket Income $265,925
Level 3 -- Attendance: 2000 (100.00%) -- Ticket Income $66,000
Level 4 -- Attendance: 4000 (100.00%) -- Ticket Income $92,000
Luxury Box -- Attendance: 759 (75.90%) -- Ticket Income $130,548
Game was played at the Pepsi Center.
Total Attendance: 17357 (96.43%)
Total Ticket Income: $1,067,380
Other Income: $160,107
Total Income: $1,227,487
Coyotes
5 vs 5 Forward
Center Left Wing Right Wing Time % Phy DF OF
1 Brad Richards Tyler Ennis Jarome Iginla 40 0 2 3
2 Nazem Kadri Zach Parise Marian Gaborik 35 0 2 3
3 Maxim Talbot Martin Samuelsson Chris Stewart 15 0 3 2
4 Brooks Laich Mark Bell Enver Lisin 10 1 2 2
5 vs 5 Defense
Defense Defense Time % Phy DF OF
1 Kristopher Letang Anton Stralman 40 0 3 2
2 Josh Gorges Michael Del Zotto 30 0 3 2
3 Greg Zanon Matt Niskanen 20 0 3 2
4 Kristopher Letang Michael Del Zotto 10 0 2 3
PowerPlay Forward
Center Left Wing Right Wing Time % Phy DF OF
1 Brad Richards Tyler Ennis Jarome Iginla 60 0 1 4
2 Nazem Kadri Zach Parise Marian Gaborik 40 0 1 4
PowerPlay Defense
Defense Defense Time % Phy DF OF
1 Kristopher Letang Anton Stralman 60 0 2 3
2 Michael Del Zotto Josh Gorges 40 0 2 3
Penalty Kill 4 Players Forward
Center Wing Time % Phy DF OF
1 Brad Richards Zach Parise 60 1 3 1
2 Maxim Talbot Martin Samuelsson 40 1 3 1
Penalty Kill 4 Players Defense
Defense Defense Time % Phy DF OF
1 Greg Zanon Josh Gorges 60 1 4 0
2 Anton Stralman Kristopher Letang 40 1 4 0
Penalty Kill - 3 Players Forward
Forward Time % Phy DF OF
1 Tyler Ennis 60 0 2 3
2 Jarome Iginla 40 0 2 3
Penalty Kill - 3 Players Defense
Defense Defense Time % Phy DF OF
1 Greg Zanon Josh Gorges 60 0 3 2
2 Kristopher Letang Anton Stralman 40 0 3 2
4 vs 4 Forward
Center Wing Time % Phy DF OF
1 Brad Richards Jarome Iginla 60 0 2 3
2 Nazem Kadri Marian Gaborik 40 0 2 3
4 vs 4 Defense
Defense Defense Time % Phy DF OF
1 Kristopher Letang Anton Stralman 60 0 3 2
2 Josh Gorges Michael Del Zotto 40 0 3 2
Last Minutes Offensive
Center Left Wing Right Wing Defense Defense
Brad Richards Tyler Ennis Jarome Iginla Kristopher Letang Anton Stralman
Last Minutes Defensive
Center Left Wing Right Wing Defense Defense
Brad Richards Zach Parise Jarome Iginla Greg Zanon Anton Stralman
Goaltenders
Starting : Cam Ward
Backup : Maxime Daigneault
Extra Forwards
Normal : Chris Stewart, Mark Bell, Maxim Talbot - PP : Chris Stewart, Maxim Talbot - PK : Jarome Iginla
Extra Defensemen
Normal : Michael Del Zotto, Greg Zanon, Matt Niskanen - PP : Matt Niskanen - PK : Matt Niskanen, Michael Del Zotto
Penalty Shots
Tyler Ennis, Marian Gaborik, Brad Richards, Zach Parise, Jarome Iginla
Scratches
None
Avalanche
5 vs 5 Forward
Center Left Wing Right Wing Time % Phy DF OF
1 Bryan Little Mikkel Boedker Corey Perry 30 0 2 2
2 Paul Stastny Andrei Kostitsyn Brandon Yip 30 1 2 2
3 Chris Drury Andrew Ladd Alexander Radulov 25 1 2 2
4 Kyle Turris Ryan Smyth Chuck Kobasew 15 1 2 2
5 vs 5 Defense
Defense Defense Time % Phy DF OF
1 Jack Johnson Marc Staal 35 1 2 2
2 Pernell Karl Subban Jay Bouwmeester 35 1 2 2
3 Dan Boyle Johnny Boychuk 30 1 2 2
4 Jack Johnson Marc Staal 0 1 2 2
PowerPlay Forward
Center Left Wing Right Wing Time % Phy DF OF
1 Bryan Little Mikkel Boedker Corey Perry 60 1 2 2
2 Paul Stastny Andrei Kostitsyn Alexander Radulov 40 1 2 2
PowerPlay Defense
Defense Defense Time % Phy DF OF
1 Dan Boyle Jay Bouwmeester 60 1 2 2
2 Pernell Karl Subban Jack Johnson 40 1 2 2
Penalty Kill 4 Players Forward
Center Wing Time % Phy DF OF
1 Andrew Ladd Chuck Kobasew 60 1 2 2
2 Chris Drury Ryan Smyth 40 1 2 2
Penalty Kill 4 Players Defense
Defense Defense Time % Phy DF OF
1 Pernell Karl Subban Marc Staal 60 1 2 2
2 Jack Johnson Johnny Boychuk 40 1 2 2
Penalty Kill - 3 Players Forward
Forward Time % Phy DF OF
1 Chuck Kobasew 60 1 2 2
2 Ryan Smyth 40 1 2 2
Penalty Kill - 3 Players Defense
Defense Defense Time % Phy DF OF
1 Jack Johnson Marc Staal 60 1 2 2
2 Pernell Karl Subban Johnny Boychuk 40 1 2 2
4 vs 4 Forward
Center Wing Time % Phy DF OF
1 Bryan Little Corey Perry 60 1 2 2
2 Mikkel Boedker Andrei Kostitsyn 40 1 2 2
4 vs 4 Defense
Defense Defense Time % Phy DF OF
1 Jack Johnson Marc Staal 60 1 2 2
2 Pernell Karl Subban Jay Bouwmeester 40 1 2 2
Last Minutes Offensive
Center Left Wing Right Wing Defense Defense
Bryan Little Mikkel Boedker Corey Perry Jack Johnson Dan Boyle
Last Minutes Defensive
Center Left Wing Right Wing Defense Defense
Chris Drury Andrew Ladd Chuck Kobasew Jack Johnson Marc Staal
Goaltenders
Starting : Semyon Varlamov
Backup : Hannu Toivonen
Extra Forwards
Normal : Andrei Kostitsyn, Andrew Ladd, Alexander Radulov - PP : Paul Stastny, Andrew Ladd - PK : Alexander Radulov
Extra Defensemen
Normal : Dan Boyle, Johnny Boychuk, Pernell Karl Subban - PP : Dan Boyle - PK : Johnny Boychuk, Pernell Karl Subban
Penalty Shots
Bryan Little, Corey Perry, Mikkel Boedker, Andrei Kostitsyn, Paul Stastny
Scratches
Mike Comrie (Right Hip Injury)
% Time on Ice - Coyotes
Lines # - Real PCT - Wanted PCT - Time Play
Normal Forward
1 - 34% - 40% - 18:49
2 - 29% - 35% - 16:21
3 - 21% - 15% - 11:41
4 - 16% - 10% - 9:10
Normal Defense
1 - 39% - 40% - 21:39
2 - 33% - 30% - 18:30
3 - 24% - 20% - 13:32
4 - 4% - 10% - 2:20
PP Forward
1 - 53% - 60% - 1:03
2 - 47% - 40% - 0:56
PP Defense
1 - 63% - 60% - 1:15
2 - 37% - 40% - 0:44
PK Forward
1 - 59% - 60% - 1:11
2 - 41% - 40% - 0:49
PK Defense
1 - 43% - 60% - 0:51
2 - 58% - 40% - 1:09
PK3 Forward
1 - 0% - 60%
2 - 0% - 40%
PK3 Defense
1 - 0% - 60%
2 - 0% - 40%
44 Forward
1 - 0% - 60%
2 - 0% - 40%
44 Defense
1 - 0% - 60%
2 - 0% - 40%
Last Minute Offensive - 0:00
Last Minute Defensive - 0:00
Total
Forward - 60:00
Defense - 60:00
|
% Time on Ice - Avalanche
Lines # - Real PCT - Wanted PCT - Time Play
Normal Forward
1 - 30% - 30% - 16:44
2 - 30% - 30% - 16:39
3 - 24% - 25% - 13:41
4 - 16% - 15% - 8:57
Normal Defense
1 - 34% - 35% - 19:17
2 - 36% - 35% - 20:00
3 - 30% - 30% - 16:44
4 - 0% - 0% - 0:00
PP Forward
1 - 54% - 60% - 1:05
2 - 46% - 40% - 0:55
PP Defense
1 - 53% - 60% - 1:04
2 - 47% - 40% - 0:56
PK Forward
1 - 73% - 60% - 1:27
2 - 27% - 40% - 0:32
PK Defense
1 - 60% - 60% - 1:11
2 - 40% - 40% - 0:48
PK3 Forward
1 - 0% - 60%
2 - 0% - 40%
PK3 Defense
1 - 0% - 60%
2 - 0% - 40%
44 Forward
1 - 0% - 60%
2 - 0% - 40%
44 Defense
1 - 0% - 60%
2 - 0% - 40%
Last Minute Offensive - 0:00
Last Minute Defensive - 0:00
Total
Forward - 60:00
Defense - 60:00
|
Play by Play
1st period
0:01 of 1st period - Bryan Little wins face-off versus Brad Richards in neutral zone.
0:08 of 1st period - Snap shot by Tyler Ennis.
0:08 of 1st period - Shot Misses the Net.
0:28 of 1st period - Marc Staal is hit by Anton Stralman and loses puck.
0:56 of 1st period - Off-side.
0:57 of 1st period - Brooks Laich wins face-off versus Chris Drury in neutral zone.
1:56 of 1st period - Snap shot by Brandon Yip.
1:56 of 1st period - Stopped by Cam Ward without a rebound.
1:57 of 1st period - Paul Stastny wins face-off versus Nazem Kadri in Coyotes zone.
2:00 of 1st period - Slapshot by Andrei Kostitsyn.
2:00 of 1st period - Stopped by Cam Ward without a rebound.
2:01 of 1st period - Chris Drury wins face-off versus Nazem Kadri in Coyotes zone.
2:18 of 1st period - Snap shot by Nazem Kadri.
2:18 of 1st period - Shot Blocked by Pernell Karl Subban.
2:28 of 1st period - Wrist shot by Andrei Kostitsyn.
2:28 of 1st period - Shot Blocked by Chris Stewart.
2:36 of 1st period - Slapshot by Maxim Talbot.
2:36 of 1st period - Stopped by Semyon Varlamov with a rebound.
2:38 of 1st period - Snap shot by Chris Stewart.
2:38 of 1st period - Stopped by Semyon Varlamov with a rebound.
2:54 of 1st period - Slapshot by Chuck Kobasew.
2:54 of 1st period - Stopped by Cam Ward with a rebound.
2:56 of 1st period - Snap shot by Kyle Turris.
2:56 of 1st period - Shot Misses the Net.
2:58 of 1st period - Wrist shot by Kyle Turris.
2:58 of 1st period - Shot Misses the Net.
3:35 of 1st period - Johnny Boychuk is hit by Anton Stralman and loses puck.
3:48 of 1st period - Minor Penalty to Anton Stralman for High sticking.
3:49 of 1st period - Bryan Little wins face-off versus Brad Richards in Coyotes zone.
4:00 of 1st period - Wrist shot by Mikkel Boedker.
4:00 of 1st period - Shot Blocked by Zach Parise.
4:40 of 1st period - Zach Parise is hit by Mikkel Boedker and loses puck.
5:02 of 1st period - Wrist shot by Maxim Talbot.
5:02 of 1st period - Stopped by Semyon Varlamov without a rebound.
5:03 of 1st period - Bryan Little wins face-off versus Maxim Talbot in Avalanche zone.
5:20 of 1st period - Jack Johnson is hit by Maxim Talbot.
5:48 of 1st period - Penalty to Anton Stralman is over, Anton Stralman is back on ice.
5:55 of 1st period - Michael Del Zotto is hit by Dan Boyle and loses puck.
6:47 of 1st period - Slapshot by Mikkel Boedker.
6:47 of 1st period - Shot Misses the Net.
6:49 of 1st period - Slapshot by Johnny Boychuk.
6:49 of 1st period - Stopped by Cam Ward with a rebound.
6:51 of 1st period - Slapshot by Bryan Little.
6:51 of 1st period - Stopped by Cam Ward without a rebound.
6:52 of 1st period - Bryan Little wins face-off versus Martin Samuelsson in Coyotes zone.
7:07 of 1st period - Wrist shot by Chris Stewart.
7:07 of 1st period - Stopped by Semyon Varlamov without a rebound.
7:08 of 1st period - Brad Richards wins face-off versus Paul Stastny in Avalanche zone.
7:13 of 1st period - Slapshot by Tyler Ennis.
7:13 of 1st period - Shot Misses the Net.
7:57 of 1st period - Jay Bouwmeester is hit by Maxim Talbot.
8:17 of 1st period - Snap shot by Ryan Smyth.
8:17 of 1st period - Shot Misses the Net.
8:21 of 1st period - Wrist shot by Chuck Kobasew.
8:21 of 1st period - Stopped by Cam Ward without a rebound.
8:22 of 1st period - Nazem Kadri wins face-off versus Chuck Kobasew in Coyotes zone.
8:27 of 1st period - Johnny Boychuk is hit by Zach Parise and loses puck.
8:38 of 1st period - Wrist shot by Zach Parise.
8:38 of 1st period - Stopped by Semyon Varlamov with a rebound.
8:56 of 1st period - Wrist shot by Andrei Kostitsyn.
8:56 of 1st period - Stopped by Cam Ward without a rebound.
8:57 of 1st period - Nazem Kadri wins face-off versus Paul Stastny in Coyotes zone.
9:10 of 1st period - Greg Zanon is hit by Jay Bouwmeester and loses puck.
10:14 of 1st period - Backhand shot by Brooks Laich.
10:14 of 1st period - Shot Misses the Net.
10:38 of 1st period - Slapshot by Andrei Kostitsyn.
10:38 of 1st period - Stopped by Cam Ward with a rebound.
10:40 of 1st period - Wrist shot by Marc Staal.
10:40 of 1st period - Stopped by Cam Ward with a rebound.
11:24 of 1st period - Wrist shot by Mikkel Boedker.
11:24 of 1st period - Shot Blocked by Josh Gorges.
11:26 of 1st period - Snap shot by Mikkel Boedker.
11:26 of 1st period - Stopped by Cam Ward with a rebound.
11:36 of 1st period - Snap shot by Maxim Talbot.
11:36 of 1st period - Stopped by Semyon Varlamov with a rebound.
11:46 of 1st period - Wrist shot by Jay Bouwmeester.
11:46 of 1st period - Shot Blocked by Enver Lisin.
12:02 of 1st period - Snap shot by Andrei Kostitsyn.
12:02 of 1st period - Shot Misses the Net.
12:04 of 1st period - Slapshot by Pernell Karl Subban.
12:04 of 1st period - Shot Blocked by Tyler Ennis.
12:06 of 1st period - Slapshot by Paul Stastny.
12:06 of 1st period - Shot Blocked by Kristopher Letang.
12:08 of 1st period - Slapshot by Pernell Karl Subban.
12:08 of 1st period - Shot Misses the Net.
12:24 of 1st period - Jack Johnson is hit by Marian Gaborik and loses puck.
12:58 of 1st period - Marc Staal is hit by Matt Niskanen and loses puck.
13:11 of 1st period - Andrei Kostitsyn is hit by Josh Gorges and loses puck.
13:31 of 1st period - Wrist shot by Zach Parise.
13:31 of 1st period - Shot Blocked by Johnny Boychuk.
13:33 of 1st period - Slapshot by Josh Gorges.
13:33 of 1st period - Stopped by Semyon Varlamov with a rebound.
13:35 of 1st period - Slapshot by Josh Gorges.
13:35 of 1st period - Shot Blocked by Johnny Boychuk.
13:37 of 1st period - Snap shot by Nazem Kadri.
13:37 of 1st period - Stopped by Semyon Varlamov with a rebound.
13:43 of 1st period - Snap shot by Marian Gaborik.
13:43 of 1st period - Stopped by Semyon Varlamov with a rebound.
14:35 of 1st period - Brooks Laich is hit by Pernell Karl Subban and loses puck.
15:00 of 1st period - Marian Gaborik is hit by Andrew Ladd and loses puck.
15:29 of 1st period - Snap shot by Kyle Turris.
15:29 of 1st period - Shot Misses the Net.
16:01 of 1st period - Anton Stralman is hit by Paul Stastny and loses puck.
16:08 of 1st period - Wrist shot by Andrei Kostitsyn.
16:08 of 1st period - Stopped by Cam Ward without a rebound.
16:09 of 1st period - Brad Richards wins face-off versus Paul Stastny in Coyotes zone.
16:14 of 1st period - Snap shot by Brad Richards.
16:14 of 1st period - Shot Blocked by Johnny Boychuk.
16:36 of 1st period - Bryan Little is hit by Greg Zanon and loses puck.
17:58 of 1st period - Wrist shot by Zach Parise.
17:58 of 1st period - Stopped by Semyon Varlamov without a rebound.
17:59 of 1st period - Bryan Little wins face-off versus Nazem Kadri in Avalanche zone.
18:10 of 1st period - Wrist shot by Jay Bouwmeester.
18:10 of 1st period - Shot Misses the Net.
18:36 of 1st period - Snap shot by Corey Perry.
18:36 of 1st period - Stopped by Cam Ward without a rebound.
18:37 of 1st period - Brad Richards wins face-off versus Paul Stastny in Coyotes zone.
19:04 of 1st period - Wrist shot by Brooks Laich.
19:04 of 1st period - Shot Misses the Net.
19:30 of 1st period - Snap shot by Alexander Radulov.
19:30 of 1st period - Shot Blocked by Matt Niskanen.
19:52 of 1st period - Snap shot by Zach Parise.
19:52 of 1st period - Stopped by Semyon Varlamov with a rebound.
19:58 of 1st period - Slapshot by Mikkel Boedker.
19:58 of 1st period - Goal by Mikkel Boedker - Coyotes : 0 - Avalanche : 1.
19:59 of 1st period - Chris Drury wins face-off versus Brad Richards in neutral zone.
Goals for this period are 0 for Coyotes vs 1 for Avalanche.
Shots for this period are 11 for Coyotes vs 13 for Avalanche.
2nd period
0:01 of 2nd period - Chris Drury wins face-off versus Brad Richards in neutral zone.
0:56 of 2nd period - Slapshot by Brandon Yip.
0:56 of 2nd period - Shot Misses the Net.
1:12 of 2nd period - Off-side.
1:13 of 2nd period - Brad Richards wins face-off versus Kyle Turris in neutral zone.
1:26 of 2nd period - Slapshot by Jay Bouwmeester.
1:26 of 2nd period - Stopped by Cam Ward without a rebound.
1:27 of 2nd period - Chris Drury wins face-off versus Brad Richards in Coyotes zone.
1:52 of 2nd period - Josh Gorges is hit by Mikkel Boedker and loses puck.
2:25 of 2nd period - Backhand shot by Maxim Talbot.
2:25 of 2nd period - Shot Blocked by Paul Stastny.
3:03 of 2nd period - Chris Drury is hit by Mark Bell and loses puck.
3:14 of 2nd period - Backhand shot by Andrew Ladd.
3:14 of 2nd period - Shot Misses the Net.
3:16 of 2nd period - Snap shot by Dan Boyle.
3:16 of 2nd period - Stopped by Cam Ward with a rebound.
3:18 of 2nd period - Snap shot by Bryan Little.
3:18 of 2nd period - Goal by Bryan Little - Coyotes : 0 - Avalanche : 2.
3:19 of 2nd period - Bryan Little wins face-off versus Tyler Ennis in neutral zone.
3:31 of 2nd period - Pernell Karl Subban is hit by Brad Richards and loses puck.
3:37 of 2nd period - Minor Penalty to Brad Richards for Interference.
3:38 of 2nd period - Bryan Little wins face-off versus Jarome Iginla in Coyotes zone.
3:38 of 2nd period - Slapshot by Mikkel Boedker.
3:38 of 2nd period - Goal by Mikkel Boedker - Coyotes : 0 - Avalanche : 3.
3:39 of 2nd period - Brandon Yip wins face-off versus Brad Richards in neutral zone.
3:41 of 2nd period - Jack Johnson is hit by Kristopher Letang and loses puck.
3:50 of 2nd period - Snap shot by Anton Stralman.
3:50 of 2nd period - Shot Blocked by Jack Johnson.
3:52 of 2nd period - Wrist shot by Anton Stralman.
3:52 of 2nd period - Deflect By Jarome Iginla.
3:52 of 2nd period - Shot Misses the Net.
3:52 of 2nd period - Puck is out of play.
3:53 of 2nd period - Chris Drury wins face-off versus Brad Richards in Avalanche zone.
4:18 of 2nd period - Pernell Karl Subban is hit by Zach Parise.
4:38 of 2nd period - Wrist shot by Chris Stewart.
4:38 of 2nd period - Shot Misses the Net.
4:40 of 2nd period - Wrist shot by Chris Stewart.
4:40 of 2nd period - Goal by Chris Stewart - Coyotes : 1 - Avalanche : 3.
4:41 of 2nd period - Brad Richards wins face-off versus Bryan Little in neutral zone.
5:06 of 2nd period - Tyler Ennis is hit by Bryan Little.
5:49 of 2nd period - Snap shot by Tyler Ennis.
5:49 of 2nd period - Stopped by Semyon Varlamov without a rebound.
5:50 of 2nd period - Paul Stastny wins face-off versus Zach Parise in Avalanche zone.
6:49 of 2nd period - Slapshot by Mark Bell.
6:49 of 2nd period - Stopped by Semyon Varlamov without a rebound.
6:50 of 2nd period - Paul Stastny wins face-off versus Nazem Kadri in Avalanche zone.
6:55 of 2nd period - Matt Niskanen is hit by Brandon Yip and loses puck.
7:40 of 2nd period - Jarome Iginla is hit by Jay Bouwmeester and loses puck.
8:07 of 2nd period - Slapshot by Kyle Turris.
8:07 of 2nd period - Stopped by Cam Ward with a rebound.
8:52 of 2nd period - Wrist shot by Alexander Radulov.
8:52 of 2nd period - Shot Hit the Post.
9:06 of 2nd period - Wrist shot by Mikkel Boedker.
9:06 of 2nd period - Stopped by Cam Ward without a rebound.
9:07 of 2nd period - Brad Richards wins face-off versus Paul Stastny in Coyotes zone.
9:15 of 2nd period - Slapshot by Anton Stralman.
9:15 of 2nd period - Shot Misses the Net.
9:17 of 2nd period - Slapshot by Tyler Ennis.
9:17 of 2nd period - Shot Misses the Net.
9:19 of 2nd period - Snap shot by Tyler Ennis.
9:19 of 2nd period - Stopped by Semyon Varlamov with a rebound.
9:34 of 2nd period - Minor Penalty to Dan Boyle for Hooking.
9:35 of 2nd period - Andrew Ladd wins face-off versus Brad Richards in Avalanche zone.
11:00 of 2nd period - Andrew Ladd is hit by Marian Gaborik.
11:12 of 2nd period - Tyler Ennis is hit by Ryan Smyth and loses puck.
11:34 of 2nd period - Penalty to Dan Boyle is over, Dan Boyle is back on ice.
11:39 of 2nd period - Andrei Kostitsyn is hit by Josh Gorges and loses puck.
12:26 of 2nd period - Slapshot by Andrei Kostitsyn.
12:26 of 2nd period - Stopped by Cam Ward with a rebound.
13:11 of 2nd period - Icing by Jay Bouwmeester.
13:12 of 2nd period - Chris Drury wins face-off versus Brad Richards in Avalanche zone.
14:06 of 2nd period - Martin Samuelsson is hit by Pernell Karl Subban and loses puck.
14:29 of 2nd period - Brad Richards is hit by Ryan Smyth and loses puck.
14:48 of 2nd period - Mark Bell is hit by Chris Drury and loses puck.
15:09 of 2nd period - Marian Gaborik is hit by Mikkel Boedker and loses puck.
15:45 of 2nd period - Kyle Turris is hit by Jarome Iginla and loses puck.
16:17 of 2nd period - Corey Perry is hit by Jarome Iginla and loses puck.
16:28 of 2nd period - Dan Boyle is hit by Tyler Ennis and loses puck.
16:53 of 2nd period - Snap shot by Brad Richards.
16:53 of 2nd period - Stopped by Semyon Varlamov without a rebound.
16:54 of 2nd period - Paul Stastny wins face-off versus Marian Gaborik in Avalanche zone.
17:40 of 2nd period - Jay Bouwmeester is hit by Enver Lisin and loses puck.
17:47 of 2nd period - Snap shot by Brooks Laich.
17:47 of 2nd period - Shot Blocked by Ryan Smyth.
18:01 of 2nd period - Jay Bouwmeester is hit by Marian Gaborik and loses puck.
18:20 of 2nd period - Snap shot by Andrew Ladd.
18:20 of 2nd period - Shot Misses the Net.
18:34 of 2nd period - Wrist shot by Mikkel Boedker.
18:34 of 2nd period - Shot Misses the Net.
19:30 of 2nd period - Snap shot by Mark Bell.
19:30 of 2nd period - Shot Misses the Net.
19:53 of 2nd period - Snap shot by Brandon Yip.
19:53 of 2nd period - Shot Misses the Net.
19:55 of 2nd period - Wrist shot by Brandon Yip.
19:55 of 2nd period - Stopped by Cam Ward with a rebound.
19:57 of 2nd period - Wrist shot by Johnny Boychuk.
19:57 of 2nd period - Deflect By Brandon Yip.
19:57 of 2nd period - Goal by Brandon Yip - Coyotes : 1 - Avalanche : 4.
19:58 of 2nd period - Marian Gaborik wins face-off versus Chris Drury in neutral zone.
Goals for this period are 1 for Coyotes vs 3 for Avalanche.
Shots for this period are 5 for Coyotes vs 9 for Avalanche.
3rd period
0:01 of 3rd period - Nazem Kadri wins face-off versus Chris Drury in neutral zone.
0:12 of 3rd period - Backhand shot by Marian Gaborik.
0:12 of 3rd period - Shot Misses the Net.
0:14 of 3rd period - Slapshot by Marian Gaborik.
0:14 of 3rd period - Stopped by Semyon Varlamov without a rebound.
0:15 of 3rd period - Paul Stastny wins face-off versus Jarome Iginla in Avalanche zone.
0:27 of 3rd period - Slapshot by Brandon Yip.
0:27 of 3rd period - Shot Blocked by Brad Richards.
0:53 of 3rd period - Alexander Radulov is hit by Marian Gaborik and loses puck.
1:02 of 3rd period - Zach Parise is hit by Andrew Ladd and loses puck.
1:41 of 3rd period - Wrist shot by Andrew Ladd.
1:41 of 3rd period - Shot Blocked by Marian Gaborik.
1:49 of 3rd period - Slapshot by Chris Drury.
1:49 of 3rd period - Deflect By Alexander Radulov.
1:49 of 3rd period - Shot Blocked by Michael Del Zotto.
1:49 of 3rd period - Puck is out of play.
1:50 of 3rd period - Paul Stastny wins face-off versus Brad Richards in Coyotes zone.
2:15 of 3rd period - Jay Bouwmeester is hit by Enver Lisin and loses puck.
2:24 of 3rd period - Wrist shot by Mikkel Boedker.
2:24 of 3rd period - Stopped by Cam Ward with a rebound.
2:42 of 3rd period - Chris Stewart is hit by Chuck Kobasew and loses puck.
2:47 of 3rd period - Slapshot by Chuck Kobasew.
2:47 of 3rd period - Shot Misses the Net.
2:51 of 3rd period - Backhand shot by Chuck Kobasew.
2:51 of 3rd period - Stopped by Cam Ward with a rebound.
4:48 of 3rd period - Snap shot by Chris Stewart.
4:48 of 3rd period - Shot Misses the Net.
5:24 of 3rd period - Snap shot by Mikkel Boedker.
5:24 of 3rd period - Deflect By Enver Lisin.
5:24 of 3rd period - Shot Misses the Net.
5:24 of 3rd period - Puck is out of play.
5:25 of 3rd period - Bryan Little wins face-off versus Brad Richards in Coyotes zone.
5:38 of 3rd period - Snap shot by Mikkel Boedker.
5:38 of 3rd period - Stopped by Cam Ward with a rebound.
5:42 of 3rd period - Snap shot by Mikkel Boedker.
5:42 of 3rd period - Shot Blocked by Michael Del Zotto.
5:48 of 3rd period - Wrist shot by Bryan Little.
5:48 of 3rd period - Shot Misses the Net.
5:50 of 3rd period - Snap shot by Dan Boyle.
5:50 of 3rd period - Stopped by Cam Ward with a rebound.
6:08 of 3rd period - Slapshot by Corey Perry.
6:08 of 3rd period - Stopped by Cam Ward with a rebound.
6:15 of 3rd period - Off-side.
6:16 of 3rd period - Paul Stastny wins face-off versus Jarome Iginla in neutral zone.
6:51 of 3rd period - Andrew Ladd is hit by Marian Gaborik.
7:03 of 3rd period - Jack Johnson is hit by Maxim Talbot and loses puck.
7:10 of 3rd period - Snap shot by Martin Samuelsson.
7:10 of 3rd period - Shot Misses the Net.
7:12 of 3rd period - Slapshot by Martin Samuelsson.
7:12 of 3rd period - Stopped by Semyon Varlamov with a rebound.
7:14 of 3rd period - Snap shot by Chris Stewart.
7:14 of 3rd period - Stopped by Semyon Varlamov without a rebound.
7:15 of 3rd period - Brad Richards wins face-off versus Paul Stastny in Avalanche zone.
7:32 of 3rd period - Slapshot by Paul Stastny.
7:32 of 3rd period - Shot Misses the Net.
8:08 of 3rd period - Slapshot by Bryan Little.
8:08 of 3rd period - Stopped by Cam Ward without a rebound.
8:09 of 3rd period - Maxim Talbot wins face-off versus Andrei Kostitsyn in Coyotes zone.
8:14 of 3rd period - Snap shot by Martin Samuelsson.
8:14 of 3rd period - Stopped by Semyon Varlamov without a rebound.
8:15 of 3rd period - Paul Stastny wins face-off versus Brad Richards in Avalanche zone.
8:20 of 3rd period - Brandon Yip is hit by Tyler Ennis and loses puck.
8:29 of 3rd period - Wrist shot by Jarome Iginla.
8:29 of 3rd period - Stopped by Semyon Varlamov with a rebound.
8:31 of 3rd period - Wrist shot by Tyler Ennis.
8:31 of 3rd period - Stopped by Semyon Varlamov with a rebound.
9:07 of 3rd period - Snap shot by Maxim Talbot.
9:07 of 3rd period - Stopped by Semyon Varlamov with a rebound.
9:21 of 3rd period - Snap shot by Kristopher Letang.
9:21 of 3rd period - Stopped by Semyon Varlamov with a rebound.
9:41 of 3rd period - Dan Boyle is hit by Tyler Ennis and loses puck.
9:50 of 3rd period - Wrist shot by Tyler Ennis.
9:50 of 3rd period - Shot Misses the Net.
9:52 of 3rd period - Slapshot by Brad Richards.
9:52 of 3rd period - Shot Misses the Net.
9:54 of 3rd period - Slapshot by Jarome Iginla.
9:54 of 3rd period - Stopped by Semyon Varlamov without a rebound.
9:55 of 3rd period - Chris Drury wins face-off versus Nazem Kadri in Avalanche zone.
10:02 of 3rd period - Slapshot by Marc Staal.
10:02 of 3rd period - Deflect By Zach Parise.
10:02 of 3rd period - Stopped by Cam Ward with a rebound.
10:12 of 3rd period - Snap shot by Zach Parise.
10:12 of 3rd period - Shot Blocked by Chris Drury.
10:42 of 3rd period - Icing by Corey Perry.
10:43 of 3rd period - Maxim Talbot wins face-off versus Bryan Little in Avalanche zone.
10:54 of 3rd period - Wrist shot by Chris Stewart.
10:54 of 3rd period - Stopped by Semyon Varlamov with a rebound.
10:56 of 3rd period - Slapshot by Michael Del Zotto.
10:56 of 3rd period - Deflect By Chris Stewart.
10:56 of 3rd period - Stopped by Semyon Varlamov without a rebound.
10:57 of 3rd period - Brad Richards wins face-off versus Paul Stastny in Avalanche zone.
11:00 of 3rd period - Wrist shot by Jarome Iginla.
11:00 of 3rd period - Stopped by Semyon Varlamov with a rebound.
11:02 of 3rd period - Snap shot by Tyler Ennis.
11:02 of 3rd period - Shot Blocked by Andrei Kostitsyn.
11:04 of 3rd period - Wrist shot by Josh Gorges.
11:04 of 3rd period - Shot Blocked by Pernell Karl Subban.
11:27 of 3rd period - Wrist shot by Paul Stastny.
11:27 of 3rd period - Shot Misses the Net.
11:35 of 3rd period - Slapshot by Maxim Talbot.
11:35 of 3rd period - Shot Misses the Net.
11:45 of 3rd period - Nazem Kadri is hit by Dan Boyle and loses puck.
12:14 of 3rd period - Snap shot by Bryan Little.
12:14 of 3rd period - Shot Misses the Net.
12:16 of 3rd period - Snap shot by Mikkel Boedker.
12:16 of 3rd period - Stopped by Cam Ward with a rebound.
12:18 of 3rd period - Slapshot by Bryan Little.
12:18 of 3rd period - Stopped by Cam Ward with a rebound.
12:20 of 3rd period - Snap shot by Mikkel Boedker.
12:20 of 3rd period - Stopped by Cam Ward with a rebound.
12:31 of 3rd period - Off-side.
12:32 of 3rd period - Tyler Ennis wins face-off versus Chris Drury in neutral zone.
12:37 of 3rd period - Andrew Ladd is hit by Brad Richards and loses puck.
13:03 of 3rd period - Snap shot by Enver Lisin.
13:03 of 3rd period - Shot Misses the Net.
13:05 of 3rd period - Wrist shot by Mark Bell.
13:05 of 3rd period - Deflect By Enver Lisin.
13:05 of 3rd period - Shot Misses the Net.
13:05 of 3rd period - Puck is out of play.
13:06 of 3rd period - Brad Richards wins face-off versus Brandon Yip in Avalanche zone.
13:09 of 3rd period - Slapshot by Brad Richards.
13:09 of 3rd period - Shot Misses the Net.
13:11 of 3rd period - Slapshot by Greg Zanon.
13:11 of 3rd period - Deflect By Andrei Kostitsyn.
13:11 of 3rd period - Stopped by Semyon Varlamov with a rebound.
13:13 of 3rd period - Wrist shot by Jarome Iginla.
13:13 of 3rd period - Shot Misses the Net.
13:27 of 3rd period - Jay Bouwmeester is hit by Tyler Ennis and loses puck.
14:46 of 3rd period - Snap shot by Brad Richards.
14:46 of 3rd period - Stopped by Semyon Varlamov without a rebound.
14:47 of 3rd period - Nazem Kadri wins face-off versus Paul Stastny in Avalanche zone.
14:48 of 3rd period - Snap shot by Marian Gaborik.
14:48 of 3rd period - Stopped by Semyon Varlamov with a rebound.
14:54 of 3rd period - Snap shot by Brandon Yip.
14:54 of 3rd period - Shot Misses the Net.
14:58 of 3rd period - Snap shot by Paul Stastny.
14:58 of 3rd period - Stopped by Cam Ward with a rebound.
15:00 of 3rd period - Wrist shot by Brandon Yip.
15:00 of 3rd period - Shot Misses the Net.
15:02 of 3rd period - Slapshot by Johnny Boychuk.
15:02 of 3rd period - Stopped by Cam Ward without a rebound.
15:03 of 3rd period - Brad Richards wins face-off versus Bryan Little in Coyotes zone.
16:40 of 3rd period - Wrist shot by Andrew Ladd.
16:40 of 3rd period - Shot Misses the Net.
16:42 of 3rd period - Slapshot by Jack Johnson.
16:42 of 3rd period - Shot Misses the Net.
16:44 of 3rd period - Snap shot by Chris Drury.
16:44 of 3rd period - Shot Misses the Net.
17:34 of 3rd period - Icing by Brooks Laich.
17:35 of 3rd period - Paul Stastny wins face-off versus Brooks Laich in Coyotes zone.
17:48 of 3rd period - Wrist shot by Paul Stastny.
17:48 of 3rd period - Deflect By Andrei Kostitsyn.
17:48 of 3rd period - Shot Misses the Net.
17:48 of 3rd period - Puck is out of play.
17:49 of 3rd period - Brad Richards wins face-off versus Bryan Little in Coyotes zone.
17:56 of 3rd period - Slapshot by Michael Del Zotto.
17:56 of 3rd period - Stopped by Semyon Varlamov with a rebound.
18:00 of 3rd period - Slapshot by Brad Richards.
18:00 of 3rd period - Stopped by Semyon Varlamov without a rebound.
18:01 of 3rd period - Paul Stastny wins face-off versus Brad Richards in Avalanche zone.
18:17 of 3rd period - Wrist shot by Andrei Kostitsyn.
18:17 of 3rd period - Shot Blocked by Brad Richards.
18:27 of 3rd period - Mikkel Boedker is hit by Josh Gorges.
19:18 of 3rd period - Jay Bouwmeester is hit by Mark Bell and loses puck.
19:29 of 3rd period - Jarome Iginla is hit by Pernell Karl Subban and loses puck.
19:36 of 3rd period - Snap shot by Andrei Kostitsyn.
19:36 of 3rd period - Shot Misses the Net.
19:38 of 3rd period - Snap shot by Andrei Kostitsyn.
19:38 of 3rd period - Stopped by Cam Ward with a rebound.
19:40 of 3rd period - Slapshot by Andrei Kostitsyn.
19:40 of 3rd period - Shot Blocked by Brad Richards.
Goals for this period are 0 for Coyotes vs 0 for Avalanche.
Shots for this period are 17 for Coyotes vs 13 for Avalanche.
Back to the Top